Map: Mist Opportunities

Players

copperCal

  • Race: Zerg Zerg
  • League: Platinum
  • Spawn Location: 5:00

SirBerm

  • Race: Protoss Protoss
  • Spawn Location: 6:00

VOD

Have the link to the VOD?

Description

Time

  • Played on: Feb. 20, 2022, 11:07 p.m.
  • Length: 30:07
Show
View Real Time Build Order
Export as new Build Order

copperCal Zerg 

Build Orders:  

Get SALT Encoding   

  12  0:03  Drone  
  13  0:12  Drone  
  14  0:28  Overlord  
  14  0:54  Drone  
  14  0:55  Drone  
  14  0:57  Drone  
  17  1:06  Roach Warren  
  17  1:09  Drone x2  
  18  1:15  Drone  
  19  1:47  Drone  
  20  2:14  Drone  
  20  2:15  Drone  
  20  2:19  Extractor  
  21  2:24  Extractor  
  20  2:34  Spine Crawler  
  20  2:39  Drone x2  
  21  2:41  Drone  
  21  2:45  Overlord  
  21  2:46  Overlord  
  22  2:57  Spine Crawler  
  21  3:11  Overlord x2  
  21  3:14  Roach x2  
  21  3:15  Roach  
  27  3:31  Drone x2  
  27  3:32  Drone  
  30  3:42  Roach  
  32  4:28  Drone x2  
  32  4:29  Drone  
  35  4:30  Drone  
  36  4:40  Glial Reconstitution  
  36  4:48  Hatchery  
  35  5:07  Roach  
  35  5:08  Roach x2  
  41  5:10  Drone  
  42  6:01  Drone x4  
  42  6:03  Overlord, Drone x3  
  42  6:04  Overlord, Drone  
  50  6:28  Evolution Chamber  
  49  6:58  Drone x3  
  49  6:59  Drone x3  
  55  7:00  Overlord x2, Drone x3  
  55  7:01  Drone  
  55  7:02  Drone  
  60  7:46  Extractor  
  60  7:47  Roach x2  
  63  7:51  Zerg Missile Weapons Level 1  
  63  7:54  Lair  
  63  8:07  Evolution Chamber  
  62  8:13  Overlord x3, Drone x3  
  62  8:14  Overlord, Drone  
  62  8:17  Overlord  
  62  8:18  Roach  
  62  8:19  Roach, Overlord  
  70  8:44  Roach  
  70  8:53  Roach  
  70  9:01  Queen x2  
  70  9:06  Brutalisk  
  70  9:15  Brutalisk  
  74  9:31  Queen x2  
  74  9:46  Infestation Pit  
  74  9:49  Roach x3  
  79  9:50  Roach x9  
  101  10:29  Drone x2  
  103  10:31  Zerg Ground Armor Level 1  
  103  10:32  Zerg Missile Weapons Level 2  
  103  10:37  Spire  
  103  10:39  Spire, Drone x2  
  103  10:40  Drone x2  
  105  11:28  Mutalisk  
  105  11:29  Mutalisk x9  
  125  11:35  Extractor  
  124  11:46  Zerg Flyer Weapons Level 1  
  124  12:48  Zerg Flyer Armor Level 1  
  124  12:54  Hydriodic Bile  
  124  13:02  Roach  
  124  13:12  Mutalisk  
  124  13:13  Mutalisk x2  
  130  13:24  Brutalisk  
  130  13:55  Zerg Ground Armor Level 2  
  130  13:59  Hive  
  130  14:34  Mutalisk  
  130  14:39  Mutalisk x3  
  136  15:02  Leviathan  
  136  15:12  Overlord x2  
  136  15:13  Overlord x3  
  136  15:14  Overlord x2  
  136  15:15  Overlord  
  136  15:17  Queen x2  
  136  15:18  Roach  
  136  15:19  Roach  
  138  16:41  Roach  
  138  16:42  Roach x2  
  138  16:47  Mutalisk x3  
  138  16:48  Mutalisk x2  
  154  16:56  Mutalisk x3  
  154  16:57  Mutalisk x2  
  164  17:19  Roach  
  166  17:20  Roach x12  
  190  17:58  Zerg Ground Armor Level 3, Zerg Missile Weapons Level 3  
  188  18:35  Zerg Flyer Weapons Level 2  
  188  18:45  Roach x6  
  200  19:38  Mutalisk  
  200  19:51  Vicious Glave  
  200  19:54  Adaptive Plating  
  200  20:06  Leviathan  
  200  20:13  Mutalisk  
  200  20:16  Roach  
  194  20:38  Brutalisk  
  182  20:41  Leviathan  
  170  20:59  Roach  
  166  21:12  Mutalisk x2, Roach x3  
  166  21:13  Mutalisk x4, Roach x4  
  166  21:14  Mutalisk x2, Roach x2  
  198  21:21  Brutalisk  
  190  21:35  Zerg Flyer Armor Level 2  
  190  21:38  Bio-Mechanical Transfusion  
  186  21:49  Incubation Chamber  
  184  21:59  Roach  
  186  22:00  Roach x7  
  198  24:20  Zerg Flyer Weapons Level 3  
  198  24:24  Tunneling Claws  
  198  25:19  Mutalisk  
  198  25:47  Leviathan  
Show
View Real Time Build Order
Export as new Build Order

SirBerm Protoss 

Build Orders:  

Get SALT Encoding   

  12  0:09  Dark Pylon  
  12  0:10  Probe (Chrono Boost)  
  13  0:24  Probe (Chrono Boost)  
  14  0:41  Probe (Chrono Boost)  
  15  0:52  Gateway  
  15  0:59  Assimilator  
  15  1:02  Assimilator  
  15  1:16  Probe (Chrono Boost)  
  16  1:21  Dark Pylon  
  16  1:30  Probe (Chrono Boost)  
  16  1:32  Forge  
  17  1:44  Probe (Chrono Boost)  
  18  2:04  Cybernetics Core  
  18  2:18  Probe (Chrono Boost)  
  19  2:25  Gateway  
  19  2:27  Gateway  
  19  2:43  Dark Pylon  
  19  2:45  Warp Gate  
  19  2:49  Photon Cannon  
  19  2:54  Photon Cannon  
  20  3:00  Probe (Chrono Boost)  
  20  3:15  Twilight Council  
  20  3:19  Probe (Chrono Boost)  
  21  3:44  Gateway  
  21  4:00  Dark Pylon  
  21  4:20  Gateway  
  21  4:24  Gateway  
  21  4:29  Assimilator  
  21  4:39  Nexus  
  21  4:46  Assimilator  
  21  4:57  Stalker  
  23  5:05  Probe (Chrono Boost)  
  24  5:22  Probe (Chrono Boost)  
  25  5:34  Dark Pylon  
  25  6:24  Dark Shrine  
  25  6:27  Probe (Chrono Boost), Gateway  
  25  6:29  Gateway  
  26  6:31  Gateway  
  26  6:34  Stargate  
  26  6:36  Stargate  
  26  6:41  Stalker  
  26  6:44  Probe (Chrono Boost)  
  26  6:49  Probe (Chrono Boost)  
  30  7:03  Probe (Chrono Boost)  
  31  7:14  Stalker  
  31  7:17  Probe (Chrono Boost)  
  31  7:18  Shadow Fury  
  34  7:26  Probe (Chrono Boost), Oracle  
  35  7:31  Probe (Chrono Boost)  
  36  7:43  Probe (Chrono Boost)  
  36  7:44  Probe (Chrono Boost)  
  41  7:54  Dark Templar  
  41  7:58  Probe (Chrono Boost)  
  44  8:03  Dark Templar  
  44  8:09  Dark Templar  
  48  8:12  Probe (Chrono Boost)  
  48  8:17  Protoss Ground Weapons Level 1  
  49  8:31  Dark Templar  
  49  8:39  Stalker  
  53  8:51  Dark Templar  
  53  8:52  Dark Templar  
  57  9:02  Dark Templar Blink  
  57  9:40  Dark Templar x2  
  57  9:41  Dark Templar  
  57  9:42  Stalker  
  57  9:43  Stalker  
  57  9:47  Probe (Chrono Boost)  
  68  9:50  Probe (Chrono Boost)  
  69  10:04  Probe (Chrono Boost)  
  70  10:13  Pylon  
  70  10:16  Pylon  
  70  10:22  Pylon  
  70  10:28  Oracle  
  70  10:37  Probe (Chrono Boost)  
  72  10:40  Probe (Chrono Boost)  
  72  10:49  Void Ray  
  76  10:57  Probe (Chrono Boost)  
  77  11:11  Dark Pylon  
  77  11:14  Stalker, Probe (Chrono Boost)  
  77  11:15  Stalker  
  77  11:17  Dark Templar x4  
  77  11:18  Void Ray  
  94  11:42  Void Stasis  
  94  11:45  Protoss Air Weapons Level 1  
  94  11:48  Void Ray  
  98  11:51  Protoss Shields Level 1  
  98  12:18  Void Ray  
  102  12:27  Pylon  
  102  12:31  Pylon  
  102  12:34  Gateway  
  102  12:38  Gateway  
  102  12:52  Void Ray  
  102  12:57  Pylon x2  
  102  12:59  Pylon  
  106  13:04  Gateway  
  106  13:06  Gateway  
  106  13:12  Dark Templar  
  106  13:13  Dark Templar  
  106  13:16  Stalker  
  104  14:25  Protoss Air Armor Level 1  
  104  14:31  Protoss Ground Weapons Level 2  
  104  14:35  Dark Templar  
  104  14:36  Dark Templar x2  
  104  14:37  Dark Templar x2  
  114  14:40  Stalker x2  
  114  14:41  Stalker x3  
  124  14:57  Dark Templar x2  
  124  14:58  Dark Templar  
  124  14:59  Void Ray x2  
  138  15:30  Dark Templar x2  
  142  15:40  Pylon  
  142  15:47  Pylon  
  142  16:05  Void Ray x2  
  147  18:54  Dark Pylon  
  147  20:01  Dark Templar x3  
  147  20:02  Dark Templar x2  
  147  20:03  Dark Templar x3  
  163  20:21  Dark Pylon  
  163  20:25  Stalker x5  
  165  21:04  Dark Templar x4  
  161  23:08  Dark Templar  
  161  23:09  Dark Templar x3  
  169  23:12  Dark Archon  
  173  23:27  Argus Crystal  
  173  23:31  Dark Pylon  
  173  23:34  Void Ray x2  
  173  23:36  Protoss Air Weapons Level 2  
  181  23:40  Protoss Ground Weapons Level 3  
  181  23:46  Blink  
  181  24:10  Mind Control  
  181  24:28  Pylon  
  181  24:31  Pylon  
  181  24:35  Pylon  
  181  24:41  Pylon  
  181  24:53  Void Ray x2  
  181  24:59  Pylon  
  189  25:02  Pylon  
  189  25:09  Pylon  
  189  25:15  Pylon  
  189  25:25  Photon Cannon  
  189  25:27  Photon Cannon  
  189  25:30  Photon Cannon  
  189  25:31  Photon Cannon  
  189  25:36  Photon Cannon  
  189  25:40  Photon Cannon  
  189  25:43  Photon Cannon  
  189  25:52  Photon Cannon  
  189  25:54  Photon Cannon  
  189  25:56  Photon Cannon  
  189  25:59  Photon Cannon  
  189  26:08  Photon Cannon  
  189  26:09  Photon Cannon  
  189  26:13  Photon Cannon  
  189  26:16  Photon Cannon  
  189  26:18  Photon Cannon  
  189  26:19  Photon Cannon  
  189  26:20  Photon Cannon  
  189  26:21  Photon Cannon  
  189  26:22  Photon Cannon  
  189  26:25  Photon Cannon x2  
  189  26:29  Photon Cannon  
  189  26:31  Photon Cannon  
  189  26:39  Photon Cannon  
  189  26:41  Photon Cannon  
  189  26:44  Photon Cannon  
  189  26:55  Photon Cannon  
  189  26:57  Photon Cannon  
  189  27:01  Photon Cannon  
  189  27:02  Photon Cannon x2  
  189  27:07  Photon Cannon  
  189  27:09  Photon Cannon  
  189  27:13  Photon Cannon  
  187  28:38  Void Ray x2  
Tags
 
Add a new tag
Caveats
  • Supply blocks, unpowered buildings, or Contaminate may cause inaccurate times.
  • Supply counts are checked every 10 seconds.